 Dungeon Crawl Stone Soup version 0.31-a0-920-g28cbb04a8c (webtiles) character file.

Game seed: 12107150648873855702

695 CowFu the Skirmisher (level 7, -2/40 HPs)
             Began as a Kobold Hunter on Oct 17, 2023.
             Slain by a fire bat (3 damage)
             ... on level 5 of the Dungeon.
             The game lasted 00:05:00 (5193 turns).

CowFu the Skirmisher (Kobold Hunter)                Turns: 5193, Time: 00:05:01

Health: -2/40      AC:  3    Str:  9    XL:     7   Next: 96%
Magic:  7/7        EV: 14    Int: 10    God:
Gold:   250        SH:  0    Dex: 20    Spells: 6/6 levels left

rFire   + . .        a - +0 shortbow
rCold   + . .        (shield currently unavailable)
rNeg    . . .        c - +0 leather armour
rPois   +            (no helmet)
rElec   +            (no cloak)
rCorr   +            (no gloves)
SInv    .            (no boots)
Will    .....        (no amulet)
Stlth   +++          (no ring)
HPRegen 0.26/turn    (no ring)
MPRegen 0.10/turn

%: no passive effects
@: resistant, attractive
A: small, no large weapons, nightstalker 3
a: no special abilities


You were on level 5 of the Dungeon.
You visited 1 branch of the dungeon, and saw 5 of its levels.

You collected 250 gold pieces.

Inventory:

Hand Weapons
 a - a +0 shortbow (weapon)
 b - a +0 dagger of venom
 h - a +0 rapier
 s - a +0 orcbow
Armour
 c - a +0 leather armour (worn)
Wands
 o - a wand of roots (4)
Scrolls
 d - 2 scrolls of vulnerability {unknown}
 e - a scroll of enchant armour {unknown}
 f - a scroll of immolation {unknown}
 g - a scroll of butterflies
 i - a scroll of blinking {unknown}
 j - a scroll of noise {unknown}
 m - a scroll of teleportation {unknown}
 n - 6 scrolls of identify {unknown}
 p - a scroll of revelation {unknown}
 r - a scroll of amnesia {unknown}
Potions
 q - a potion of ambrosia {unknown}
 t - a potion of resistance


   Skills:
 - Level 2.1 Fighting
 + Level 11.8 Ranged Weapons
 - Level 2.4 Dodging
 - Level 1.3 Stealth


You had 6 spell levels left.
You didn't know any spells.
Your spell library contained the following spells:

 Spells                   Type           Power      Damage    Failure   Level
 Apportation              Tloc           0%         N/A       47%         1
 Kiss of Death            Conj/Necr      0%         2d5       47%         1
 Sandblast                Erth           0%         2d4       47%         1
 Jinxbite                 Hex            0%         N/A       63%         2
 Passwall                 Tmut/Erth      0%         N/A       63%         2
 Static Discharge         Conj/Air       0%         2-2/arc   63%         2
 Confusing Touch          Hex            0%         N/A       85%         3
 Inner Flame              Hex/Fire       0%         N/A       85%         3
 Stone Arrow              Conj/Erth      0%         3d7       85%         3
 Airstrike                Air            0%         2d(0-16)  99%         4
 Brom's Barrelling Bould  Conj/Erth      0%         2d3       99%         4
 Dispel Undead            Necr           0%         3d6       99%         4
 Summon Lightning Spire   Summ/Air       0%         N/A       99%         4
 Alistair's Intoxication  Tmut/Pois      0%         N/A       100%        5
 Yara's Violent Unravell  Hex/Tmut       0%         3d3       100%        5
 Enfeeble                 Hex            0%         N/A       100%        7


Dungeon Overview and Level Annotations

Branches:
Dungeon (5/15)
 Temple: D:4-7

Altars:
Cheibriados
Elyvilon
Fedhas
Gozag
Qazlal
Ru
Vehumet
The Shining One

Shops:
D:1 !

Annotations:
D:4 1 runed translucent door, ChaoticPyre's ghost, amateur SpEn
D:5 1 transporter


Innate Abilities, Weirdness & Mutations

You are small and have problems with some larger weapons.
You are completely attuned to the shadows.


Message History

It was a potion of curing.
You feel better. The fire bat closely misses you. The fire bat bites you.
You are engulfed in flames.
You resist.
* * * LOW HITPOINT WARNING * * *
Okay, then.
Fire: a) +0 shortbow
Press: ? - help, Q - select action, (/) - cycle Shift-Dir - straight line, f - fire bat
Aim: a fire bat (heavily wounded, 57% to hit)
You shoot an arrow. The arrow barely misses the fire bat.
The fire bat closely misses you. x2; The fire bat is attracted toward you.
Fire: a) +0 shortbow
Press: ? - help, Q - select action, (/) - cycle Shift-Dir - straight line, f/p - fire bat
Aim: a fire bat (heavily wounded, 57% to hit)
You shoot an arrow. The arrow closely misses the fire bat.
The fire bat barely misses you. The fire bat bites you.
* * * LOW HITPOINT WARNING * * *
You are engulfed in flames.
You resist.
* * * LOW HITPOINT WARNING * * *
The fire bat bites you but does no damage.
The fire bat is attracted toward you.
Fire: a) +0 shortbow
Press: ? - help, Q - select action, (/) - cycle Shift-Dir - straight line, f/p - fire bat
Aim: a fire bat (heavily wounded, 57% to hit)
You shoot an arrow.
The arrow hits the fire bat but does no damage.
The fire bat is heavily wounded.
The fire bat bites you.
* * * LOW HITPOINT WARNING * * *
You are engulfed in flames.
You resist.
* * * LOW HITPOINT WARNING * * *
The fire bat closely misses you. x2; The fire bat is attracted toward you.
Fire: a) +0 shortbow
Press: ? - help, Q - select action, (/) - cycle Shift-Dir - straight line, f/p - fire bat
Aim: a fire bat (heavily wounded, 57% to hit)
You shoot an arrow. The arrow hits the fire bat!
The fire bat is almost dead.
The fire bat misses you. The fire bat closely misses you.
The fire bat bites you.
* * * LOW HITPOINT WARNING * * *
You are engulfed in flames.
You resist.
You die...

....# #.....#..................
....# #.....#.©................
....# #...#########............
....#####.).#..○○°○.#............
#........)..#○○.☼○°☼#############
............#.°#©#○.#..'.........
............#○..§..°#..#.........
#...........#°○#b#°☼#..#.........
#####.......#°°b@.☼°#..##...##...
....'......####°°○####.##...##...
#####......# ○○.☼○○☼ #.##...##...
#..........#°°°○.°○°○#..#........
...........#°○○....☼°#..#........
..#........#...$$$...#..#........
###........#.°.[©$.°.#####..###..
.#.........###########...#..###..
.#..............©........#.......


You could see 2 fire bats.

Vanquished Creatures
  A water moccasin (D:4)
  2 ogres
  A scorpion (D:5)
  A hound (D:5)
  2 iguanas
  Terence (D:3)
  2 orc wizards
  4 gnolls (D:3)
  3 adders
  A white imp (D:5)
  7 worms
  3 dart slugs (D:4)
  17 orcs
  8 bats
  4 endoplasms
  3 giant cockroaches
  6 goblins
  5 hobgoblins
  9 jackals
  2 quokkas
  5 ball pythons
  3 frilled lizards
  5 kobolds
  7 rats
102 creatures vanquished.

Notes
Turn   | Place    | Note
-------+----------+-------------------------------------------
     0 | D:1      | CowFu the Kobold Hunter began the quest for the Orb.
     0 | D:1      | Reached XP level 1. HP: 12/12 MP: 1/1
    89 | D:1      | Found Titubruc's Distillery.
   170 | D:1      | Reached XP level 2. HP: 17/17 MP: 2/2
   298 | D:1      | Reached skill level 6 in Ranged Weapons
   806 | D:2      | Reached XP level 3. HP: 21/21 MP: 3/3
  1651 | D:3      | Noticed Terence
  1756 | D:3      | Reached skill level 7 in Ranged Weapons
  2073 | D:3      | Reached XP level 4. HP: 26/26 MP: 4/4
  2096 | D:3      | Killed Terence
  2374 | D:3      | HP: 1/26 [gnoll/+0 club (6)]
  2384 | D:3      | Reached XP level 5. HP: 30/30 MP: 5/5
  2391 | D:3      | Reached skill level 8 in Ranged Weapons
  2495 | D:3      | Found a sacrificial altar of Ru.
  2869 | D:3      | Found a blossoming altar of Fedhas.
  3044 | D:4      | Found a runed translucent door.
  3044 | D:4      | Noticed ChaoticPyre's ghost (amateur SpEn)
  3420 | D:4      | Noticed a water moccasin
  3428 | D:4      | Killed a water moccasin
  3429 | D:4      | Reached skill level 9 in Ranged Weapons
  3429 | D:4      | Reached XP level 6. HP: 25/35 MP: 6/6
  3646 | D:4      | Noticed an ogre
  3655 | D:4      | Killed an ogre
  3656 | D:4      | Reached skill level 10 in Ranged Weapons
  3656 | D:4      | Reached XP level 7. HP: 40/40 MP: 7/7
  3836 | D:4      | Found a snail-covered altar of Cheibriados.
  4039 | D:5      | Entered Level 5 of the Dungeon
  4054 | D:5      | Found a glowing golden altar of the Shining One.
  4381 | D:5      | Found a stormy altar of Qazlal.
  4393 | D:5      | Found a transporter.
  4430 | D:5      | Reached skill level 11 in Ranged Weapons
  4525 | D:5      | Found a white marble altar of Elyvilon.
  4619 | D:5      | Found an opulent altar of Gozag.
  4673 | D:5      | Found a radiant altar of Vehumet.
  5018 | D:5      | Found a transporter.
  5184 | D:5      | Noticed a fire bat
  5185 | D:5      | Noticed a fire bat
  5193 | D:5      | HP: 1/40 [fire bat (3)]
  5193 | D:5      | Slain by a fire bat

Illustrated notes

Levels and vault maps discovered:
D:1:      evilmike_arrival_home_sweet_home, layout_basic, serial_shops,
          nicolae_shop_waterfront, chequers_decorated_corner, grunt_decor_cap
D:2:      layout_loops_ring, nicolae_twisty_statue_hallways
D:3:      layout_basic, mainiacjoe_overflow_alcove_4, fedhas_altar_1,
          uniq_terence
D:4:      kennysheep_six_static_rooms, layout_loops_ring,
          lemuel_coloured_pillars_altar, hellmonk_ghost_happy_afterlife
D:5:      gammafunk_cloud_chamber, layout_gridville, elyvilon_altar_3,
          vehumet_crystals, mainiacjoe_overflow_boulevard,
          mainiacjoe_overflow_surrounded_room, tso_metal_star

Skill      XL: |  1  2  3  4  5  6  7 |
---------------+----------------------+-----
Ranged Weapons | 6 7 9 10 11 | 11.8
Fighting       | |  2.1
Dodging        | |  2.4
Stealth        | |  1.3

Action                     |  1- 3 |  4- 6 |  7- 9 || total
---------------------------+-------+-------+-------++-------
  Melee: Dagger            |       |       |     8 ||     8
   Fire: Shortbow          |   115 |   135 |    89 ||   339
    Use: Potion            |       |     2 |     3 ||     5
 Armour: Leather armour    |    23 |    34 |    41 ||    98
  Dodge: Dodged            |    46 |    49 |    50 ||   145

Table legend: (Time is in decaauts)
 A = Elapsed time spent in this place.
 B = Non-inter-level travel time spent in this place.
 C = Inter-level travel time spent in this place.
 D = Time resting spent in this place.
 E = Time spent auto-exploring this place.
 F = Levels seen in this place.
 G = Mean time per level.
                   A        B        C        D        E       F      G
               +--------+--------+--------+--------+--------+-----+--------+
         Total |   5204 |   5008 |    196 |      0 |   4395 |   5 | 1040.8 |
       Dungeon |   5204 |   5008 |    196 |      0 |   4395 |   5 | 1040.8 |
               +--------+--------+--------+--------+--------+-----+--------+

Top non-repeatable levels by time:
     D:3: 1292 daAuts
     D:5: 1146 daAuts
     D:4: 1036 daAuts
     D:2: 973 daAuts
     D:1: 756 daAuts
